Map: [ESL] Oceanborn

Players

Silky

  • Race: Zerg Zerg
  • Spawn Location: 11:00

Oliveira - Winner!

  • Race: Terran Terran
  • Spawn Location: 5:00

Event: ESL SC2 Masters 2023 Winter (Regional)

VOD

Have the link to the VOD?

Description

Time

  • Played on: Oct. 27, 2023, 7:16 a.m.
  • Length: 6:51

All games in this series

Show
View Real Time Build Order
Export as new Build Order

Silky Zerg 

Build Orders: Hatch First 

Get SALT Encoding   

  12  0:00  Drone  
  13  0:12  Overlord  
  13  0:17  Drone  
  14  0:30  Drone x2  
  16  0:47  Hatchery  
  15  0:50  Drone  
  15  0:54  Drone  
  17  0:57  Drone  
  18  1:04  Extractor  
  17  1:12  Spawning Pool  
  17  1:16  Drone  
  17  1:20  Drone  
  18  1:28  Drone  
  19  1:39  Drone  
  20  1:53  Drone  
  21  1:59  Queen x2  
  21  2:00  Zergling x4  
  27  2:05  Metabolic Boost  
  27  2:11  Drone  
  27  2:12  Overlord  
  28  2:38  Drone x4  
  28  2:40  Queen  
  36  2:49  Overlord  
  36  2:54  Evolution Chamber  
  36  2:55  Extractor  
  34  2:59  Zergling x4  
  38  3:08  Hatchery  
  37  3:14  Zergling x4  
  37  3:15  Drone x4  
  37  3:17  Drone  
  42  3:27  Drone  
  42  3:28  Drone  
  42  3:32  Extractor, Roach Warren, Overlord  
  42  3:41  Overlord  
  42  3:47  Overlord  
  42  3:50  Drone x3  
  42  3:52  Drone x3  
  42  3:55  Overlord  
  48  4:13  Roach x5  
  58  4:20  Roach x3  
  58  4:23  Zergling x4  
  66  4:25  Zergling x2  
  67  4:31  Zergling x2  
  67  4:32  Zergling x6  
  67  4:37  Ravager  
  67  4:38  Ravager  
  73  4:39  Overlord  
  73  4:42  Zergling x2  
  73  4:43  Overlord  
  74  4:49  Overlord  
  73  4:56  Zergling x4  
  67  5:01  Zergling x14  
  65  5:11  Ravager x2  
  65  5:12  Zergling x8  
  66  5:19  Zergling x4  
  66  5:20  Ravager  
  69  5:22  Zergling x2  
  69  5:27  Zergling x2  
  71  5:32  Zergling x2  
  71  5:33  Zergling x2  
  71  5:35  Ravager  
  74  5:36  Zergling x2  
  74  5:39  Zergling x2  
  74  5:40  Zergling x2  
  77  5:45  Zergling x4  
  79  5:56  Zergling x2  
Show
View Real Time Build Order
Export as new Build Order

Oliveira Terran - Winner!

Build Orders:  

Get SALT Encoding   

  12  0:00  SCV  
  13  0:12  SCV  
  14  0:18  Supply Depot  
  14  0:24  SCV  
  15  0:39  SCV  
  15  0:40  Barracks  
  16  0:45  Refinery  
  16  0:51  SCV  
  17  0:59  Barracks  
  17  1:03  SCV  
  18  1:15  SCV  
  19  1:28  Orbital Command  
  19  1:29  Reaper  
  19  1:31  Supply Depot  
  21  1:47  Reaper  
  21  1:54  SCV  
  22  2:06  Command Center  
  22  2:08  SCV  
  23  2:11  Barracks Reactor  
  23  2:19  Barracks  
  23  2:22  SCV  
  24  2:24  Barracks Tech Lab  
  24  2:34  SCV  
  25  2:38  Refinery  
  25  2:44  Marine  
  25  2:49  SCV, Marine x2  
  29  2:51  Stimpack  
  29  3:01  SCV  
  29  3:02  Marine  
  31  3:06  Barracks Tech Lab  
  31  3:17  Orbital Command, SCV, Marine x2  
  31  3:19  Marine  
  35  3:27  Combat Shield, Marine  
  35  3:29  SCV  
  35  3:32  Supply Depot  
  37  3:35  Marine x2  
  37  3:37  Marine  
  40  3:42  SCV  
  40  3:43  SCV  
  40  3:45  Marine  
  43  3:49  Factory  
  43  3:55  SCV x2  
  44  3:56  Supply Depot  
  44  3:58  Marine  
  44  3:59  Marine  
  44  4:00  Marine  
  48  4:07  Marine, SCV  
  48  4:08  SCV  
  51  4:16  Supply Depot  
  51  4:17  Marine  
  51  4:19  Marine, SCV  
  51  4:20  SCV  
  51  4:21  Marine  
  56  4:26  Marine  
  56  4:31  SCV  
  58  4:32  Engineering Bay  
  58  4:33  Starport  
  58  4:34  Factory Reactor  
  58  4:38  Marine  
  59  4:39  SCV  
  59  4:41  Marine x2  
  59  4:45  Supply Depot  
  62  4:53  SCV  
  62  4:56  Marine  
  62  4:57  Bunker  
  61  5:00  Barracks Reactor, Marine  
  61  5:03  Bunker, SCV  
  61  5:06  Marine  
  58  5:13  Marine  
  51  5:14  SCV  
  51  5:18  Siege Tank, Marine  
  51  5:20  SCV  
  57  5:21  Refinery  
  57  5:24  Medivac, Marine  
  60  5:28  Supply Depot  
  60  5:30  SCV  
  60  5:31  Marine  
  60  5:34  Medivac  
  64  5:36  Marine  
  64  5:38  SCV  
  64  5:39  Marine  
  64  5:40  Refinery  
  64  5:41  Marine  
  68  5:46  Supply Depot  
  68  5:49  Marine  
  70  5:53  Marine  
  69  5:57  Marine  
  69  5:59  Marine, Medivac  
  73  6:05  Marine  
  73  6:07  Marine  
  74  6:11  Marine  
Tags
 
Add a new tag
Caveats
  • Supply blocks, unpowered buildings, or Contaminate may cause inaccurate times.
  • Supply counts are checked every 10 seconds.